SKY
PHILADELPHIA PHILLIES @ OAKLAND ATHLETICS
07/13/2052
 
TOP OF THE 1ST
Philadelphia Phillies batting - Pitching for Oakland Athletics : LHP Eleazar Ramírez
Pitching: LHP Eleazar Ramírez
Batting: RHB Kyle Negulescu 0-0: Foul Ball, location: 2F
0-1: Swinging Strike
0-2: Strikes out swinging
Batting: RHB Justin Morgan 0-0: Ball
1-0: Called Strike
1-1: Swinging Strike
1-2: Ball
2-2: SOLO HOME RUN (Line Drive, 89XD, EV 106.3 MPH), Distance : 409 ft
Batting: RHB Marty Booz 0-0: Called Strike
0-1: Ball
1-1: Swinging Strike
1-2: Strikes out swinging
Batting: RHB Marc Simms 0-0: Ball
1-0: Called Strike
1-1: SOLO HOME RUN (Flyball, 7LD, EV 91.9 MPH), Distance : 362 ft
Batting: RHB Josiah Mandel 0-0: Called Strike
0-1: Ball
1-1: Called Strike
1-2: Strikes out swinging
Top of the 1st over - 2 runs, 2 hits, 0 errors, 0 left on base; Philadelphia 2 - Oakland 0
BOTTOM OF THE 1ST
Oakland Athletics batting - Pitching for Philadelphia Phillies : RHP Will Wachter
Pitching: RHP Will Wachter
Batting: RHB Isaiah Green 0-0: Ball
1-0: Ball
2-0: Ball
3-0: Called Strike
3-1: SINGLE (Groundball, 34D, EV 104.4 MPH)
Batting: RHB George Siebert 0-0: Called Strike
0-1: Ball
1-1: Ball
2-1: Ball
Wild Pitch!
Isaiah Green to second
3-1: Foul Ball, location: 25F
3-2: Foul Ball, location: 3SF
3-2: Base on Balls
Batting: LHB Walker Hogue 0-0: Foul Ball, location: 7LSF
0-1: Swinging Strike
0-2: Foul Ball, location: 7LMF
0-2: Strikes out swinging
Batting: RHB Isaac Cabarga 0-0: Called Strike
George Siebert is caught stealing 2nd base 2-4
Isaiah Green advances to 3rd base
0-1: Ball
1-1: Ball
2-1: Foul Ball, location: 5FF
2-2: Foul Ball, location: 9LDF
2-2: Strikes out swinging
Bottom of the 1st over - 0 runs, 1 hit, 0 errors, 1 left on base; Philadelphia 2 - Oakland 0
TOP OF THE 2ND
Philadelphia Phillies batting - Pitching for Oakland Athletics : LHP Eleazar Ramírez
Batting: SHB Elías Saucedo 0-0: Fly out, F3 (Popup, 3SF, EV 60.6 MPH)
Batting: RHB Gilbert Lee 0-0: Ball
1-0: Ball
2-0: Called Strike
2-1: Called Strike
2-2: Foul Ball, location: 9LDF
2-2: Foul Ball, location: 23F
2-2: Foul Ball, location: 3FF
2-2: Strikes out swinging
Batting: LHB George Copa 0-0: Ball
1-0: Ball
2-0: TRIPLE (Line Drive, 89XD, EV 105.0 MPH)
Pinch Runner at 3rd Monte Baker:
Batting: RHB Ariel Fernández 0-0: Fly out, F4 (Popup, 34, EV 71.3 MPH)
Top of the 2nd over - 0 runs, 1 hit, 0 errors, 1 left on base; Philadelphia 2 - Oakland 0
BOTTOM OF THE 2ND
Oakland Athletics batting - Pitching for Philadelphia Phillies : RHP Will Wachter
Now in CF: Monte Baker
Batting: RHB Oliver Combs 0-0: SINGLE (Groundball, 56D, EV 94.4 MPH)
Batting: RHB Jacob Hitchens 0-0: Fielders Choice at 2nd, 6-4 (Groundball, 6, EV 108.8 MPH)
Batting: RHB Julio Jiménez 0-0: Called Strike
0-1: Ball
1-1: Fly out, F4 (Flyball, 4D, EV 93.8 MPH)
Batting: LHB Harley Valles 0-0: Ball
1-0: Foul Ball, location: 2F
1-1: Swinging Strike
1-2: Strikes out swinging
Bottom of the 2nd over - 0 runs, 1 hit, 0 errors, 1 left on base; Philadelphia 2 - Oakland 0
TOP OF THE 3RD
Philadelphia Phillies batting - Pitching for Oakland Athletics : LHP Eleazar Ramírez
Batting: RHB Kyle Negulescu 0-0: Ball
1-0: Called Strike
1-1: Ball
2-1: Swinging Strike
2-2: Foul Ball, location: 3SF
2-2: Foul Ball, location: 9LMF
2-2: TRIPLE (Line Drive, 89XD, EV 110.0 MPH)
Batting: RHB Justin Morgan 0-0: Foul Ball, location: 7LSF
0-1: Ball
1-1: Ball
2-1: Called Strike
2-2: Strikes out swinging
Batting: RHB Marty Booz 0-0: Swinging Strike
0-1: Foul Ball, location: 2F
0-2: Ball
1-2: Ball
2-2: Strikes out swinging
Batting: RHB Marc Simms 0-0: Called Strike
0-1: Foul Ball, location: 2F
0-2: Foul Ball, location: 9LMF
0-2: Strikes out swinging
Top of the 3rd over - 0 runs, 1 hit, 0 errors, 1 left on base; Philadelphia 2 - Oakland 0
BOTTOM OF THE 3RD
Oakland Athletics batting - Pitching for Philadelphia Phillies : RHP Will Wachter
Batting: RHB Andrew Stewart 0-0: Foul Ball, location: 9LDF
0-1: Called Strike
0-2: Ball
1-2: Ball
2-2: Strikes out swinging
Batting: RHB Isaiah Green 0-0: Bunt missed!
0-1: SINGLE (Line Drive, 7S, EV 95.0 MPH)
Batting: RHB George Siebert 0-0: Ball
Isaiah Green steals 2nd base (no throw)
1-0: Fly out, F9 (Flyball, 9, EV 83.8 MPH)
Batting: LHB Walker Hogue 0-0: Ball
1-0: Ball
2-0: Foul Ball, location: 2F
2-1: Called Strike
2-2: Strikes out looking
Bottom of the 3rd over - 0 runs, 1 hit, 0 errors, 1 left on base; Philadelphia 2 - Oakland 0
TOP OF THE 4TH
Philadelphia Phillies batting - Pitching for Oakland Athletics : LHP Eleazar Ramírez
Batting: RHB Josiah Mandel 0-0: Swinging Strike
0-1: Foul Ball, location: 3F
0-2: Foul Ball, location: 3F
0-2: Ball
1-2: Foul Ball, location: 2F
1-2: Foul Ball, location: 2F
1-2: Strikes out swinging
Batting: SHB Elías Saucedo 0-0: Called Strike
0-1: Ball
1-1: Ball
2-1: Ball
3-1: Foul Ball, location: 9LMF
3-2: Fly out, F6 (Popup, P, EV 82.5 MPH)
Batting: RHB Gilbert Lee 0-0: Ball
1-0: Ball
2-0: Foul Ball, location: 7LSF
2-1: Swinging Strike
2-2: Fly out, F9 (Flyball, 9, EV 86.3 MPH)
Top of the 4th over - 0 runs, 0 hits, 0 errors, 0 left on base; Philadelphia 2 - Oakland 0
BOTTOM OF THE 4TH
Oakland Athletics batting - Pitching for Philadelphia Phillies : RHP Will Wachter
Batting: RHB Isaac Cabarga 0-0: Ball
1-0: Ball
2-0: Fly out, F9 (Flyball, 89S, EV 91.3 MPH)
Batting: RHB Oliver Combs 0-0: Foul Ball, location: 7LSFF
0-1: Ball
1-1: Swinging Strike
1-2: Strikes out swinging
Batting: RHB Jacob Hitchens 0-0: Ball
1-0: Ball
2-0: Swinging Strike
2-1: DOUBLE (Flyball, 8RXD, EV 109.4 MPH)
Batting: RHB Julio Jiménez 0-0: Ball
1-0: Ball
2-0: Ball
3-0: Called Strike
3-1: Base on Balls
Batting: LHB Harley Valles 0-0: Fielders Choice at 3rd, U5 (Groundball, 5, EV 89.4 MPH)
Bottom of the 4th over - 0 runs, 1 hit, 0 errors, 1 left on base; Philadelphia 2 - Oakland 0
TOP OF THE 5TH
Philadelphia Phillies batting - Pitching for Oakland Athletics : LHP Eleazar Ramírez
Batting: LHB Monte Baker 0-0: Called Strike
0-1: SINGLE (Groundball, 34D, EV 95.6 MPH)
Batting: RHB Ariel Fernández 0-0: Called Strike
Monte Baker steals 2nd base
0-1: Ball
1-1: Ball
2-1: Foul Ball, location: 9LDF
2-2: Foul Ball, location: 23FF
2-2: Strikes out swinging
Batting: RHB Kyle Negulescu 0-0: Called Strike
Monte Baker steals 3rd base
0-1: Foul Ball, location: 9LMF
0-2: Ball
1-2: Ball
2-2: Foul Ball, location: 2F
2-2: Strikes out swinging
Batting: RHB Justin Morgan 0-0: Called Strike
0-1: Called Strike
0-2: Strikes out swinging
Top of the 5th over - 0 runs, 1 hit, 0 errors, 1 left on base; Philadelphia 2 - Oakland 0
BOTTOM OF THE 5TH
Oakland Athletics batting - Pitching for Philadelphia Phillies : RHP Will Wachter
Batting: RHB Andrew Stewart 0-0: Ball
1-0: Foul Ball, location: 2F
1-1: Swinging Strike
1-2: Ball
2-2: Foul Ball, location: 2F
2-2: DOUBLE (Line Drive, 89M, EV 90.0 MPH)
Batting: RHB Isaiah Green 0-0: Ball
1-0: Ball
2-0: Foul Ball, location: 5F
2-1: Ball
3-1: SINGLE (Groundball, 6MD, EV 100.0 MPH)
Andrew Stewart to third
Runner from 3rd tries for Home, SAFE, throw by CF to home
Isaiah Green to second
Batting: RHB George Siebert 0-0: Swinging Strike
0-1: Called Strike
0-2: Ball
1-2: Ball
2-2: Ball
3-2: Foul Ball, location: 3F
3-2: Foul Ball, location: 25F
3-2: Base on Balls
Batting: LHB Walker Hogue 0-0: 3-RUN HOME RUN (Line Drive, 78XD, EV 104.4 MPH), Distance : 415 ft
Batting: RHB Isaac Cabarga 0-0: Ball
1-0: Called Strike
1-1: Called Strike
1-2: Strikes out swinging
Batting: RHB Oliver Combs 0-0: Called Strike
0-1: Ball
1-1: Ball
2-1: Ball
3-1: Base on Balls
Batting: RHB Jacob Hitchens 0-0: Ball
1-0: Called Strike
1-1: Foul Ball, location: 9LDF
1-2: Ball
2-2: Strikes out looking
Batting: RHB Julio Jiménez 0-0: Called Strike
0-1: Called Strike
0-2: Fly out, F9 (Flyball, 89M, EV 95.6 MPH)
Bottom of the 5th over - 4 runs, 3 hits, 0 errors, 1 left on base; Philadelphia 2 - Oakland 4
TOP OF THE 6TH
Philadelphia Phillies batting - Pitching for Oakland Athletics : LHP Eleazar Ramírez
Batting: RHB Marty Booz 0-0: Ball
1-0: Ball
2-0: Ball
3-0: Base on Balls
Batting: RHB Marc Simms 0-0: Fly out, F8 (Flyball, 8LM, EV 87.5 MPH)
Batting: RHB Josiah Mandel 0-0: Ball
1-0: Foul Ball, location: 23F
1-1: Ball
2-1: Foul Ball, location: 23F
2-2: Foul Ball, location: 3F
2-2: Ball
3-2: Foul Ball, location: 9LMF
3-2: Foul Ball, location: 2F
3-2: Base on Balls
Marty Booz to second
Pitching: LHP Alex Barboza
Batting: SHB Elías Saucedo 0-0: Swinging Strike
0-1: Ball
1-1: Ball
2-1: Ball
3-1: Fly out, F4 (Popup, 4M, EV 66.9 MPH)
Batting: RHB Gilbert Lee 0-0: Ball
1-0: Ball
2-0: SINGLE (Groundball, 4MD, EV 101.9 MPH) (infield hit)
Marty Booz to third
Josiah Mandel to second
Batting: LHB Monte Baker 0-0: Called Strike
0-1: Called Strike
0-2: Foul Ball, location: 2F
0-2: Ball
1-2: Ground out 4-3 (Groundball, 4, EV 70.0 MPH)
Top of the 6th over - 0 runs, 1 hit, 0 errors, 3 left on base; Philadelphia 2 - Oakland 4
BOTTOM OF THE 6TH
Oakland Athletics batting - Pitching for Philadelphia Phillies : RHP Will Wachter
Batting: LHB Harley Valles 0-0: Called Strike
0-1: Ball
1-1: Foul Ball, location: 2F
1-2: Strikes out swinging
Pitching: RHP Ben Williams
Batting: RHB Andrew Stewart 0-0: Called Strike
0-1: Foul Ball, location: 2F
0-2: Strikes out looking
Batting: RHB Isaiah Green 0-0: Called Strike
0-1: Ground out U3 (Groundball, 34, EV 103.1 MPH)
Bottom of the 6th over - 0 runs, 0 hits, 0 errors, 0 left on base; Philadelphia 2 - Oakland 4
TOP OF THE 7TH
Philadelphia Phillies batting - Pitching for Oakland Athletics : LHP Alex Barboza
Batting: RHB Ariel Fernández 0-0: Called Strike
0-1: Foul Ball, location: 5SF
0-2: Strikes out swinging
Batting: RHB Kyle Negulescu 0-0: Foul Ball, location: 5F
0-1: Ball
1-1: Ball
2-1: Ball
3-1: Foul Ball, location: 2F
3-2: Base on Balls
Batting: RHB Justin Morgan 0-0: Ball
1-0: Fly out, F9 (Flyball, 9, EV 85.6 MPH)
Batting: RHB Marty Booz 0-0: Ball
1-0: Called Strike
1-1: Ball
2-1: Swinging Strike
2-2: Ball
3-2: Strikes out swinging
Top of the 7th over - 0 runs, 0 hits, 0 errors, 1 left on base; Philadelphia 2 - Oakland 4
BOTTOM OF THE 7TH
Oakland Athletics batting - Pitching for Philadelphia Phillies : RHP Ben Williams
Batting: RHB George Siebert 0-0: Foul Ball, location: 9LMF
0-1: Foul Ball, location: 5DF
0-2: Ball
1-2: Foul Ball, location: 2F
1-2: Strikes out swinging
Batting: LHB Walker Hogue 0-0: Called Strike
0-1: Ball
1-1: Ball
2-1: Called Strike
2-2: Ball
3-2: Strikes out swinging
Batting: RHB Isaac Cabarga 0-0: Swinging Strike
0-1: Swinging Strike
0-2: Strikes out looking
Bottom of the 7th over - 0 runs, 0 hits, 0 errors, 0 left on base; Philadelphia 2 - Oakland 4
TOP OF THE 8TH
Philadelphia Phillies batting - Pitching for Oakland Athletics : LHP Alex Barboza
Batting: RHB Marc Simms 0-0: Ball
1-0: Swinging Strike
1-1: Foul Ball, location: 3F
1-2: Ball
2-2: Foul Ball, location: 9LSF
2-2: Strikes out swinging
Batting: RHB Josiah Mandel 0-0: Swinging Strike
0-1: Ball
1-1: Ball
2-1: Foul Ball, location: 2F
2-2: Ball
3-2: Fly out, F7 (Flyball, 78M, EV 91.9 MPH)
Batting: SHB Elías Saucedo 0-0: Fly out, F4 (Popup, 3S, EV 81.9 MPH)
Top of the 8th over - 0 runs, 0 hits, 0 errors, 0 left on base; Philadelphia 2 - Oakland 4
BOTTOM OF THE 8TH
Oakland Athletics batting - Pitching for Philadelphia Phillies : RHP Ben Williams
Batting: RHB Oliver Combs 0-0: Ball
1-0: DOUBLE (Groundball, 5L, EV 97.5 MPH)
Batting: RHB Jacob Hitchens 0-0: Intentional Walk
Batting: RHB Julio Jiménez 0-0: Ball
1-0: Ball
2-0: Ball
3-0: 3-RUN HOME RUN (Flyball, 78XD, EV 102.5 MPH), Distance : 392 ft
Pitching: RHP Grant Thomas
Batting: LHB Harley Valles 0-0: Ground out 3-1 (Groundball, 34, EV 88.8 MPH)
Batting: RHB Andrew Stewart 0-0: Ball
1-0: Ball
2-0: Called Strike
2-1: Foul Ball, location: 3FF
2-2: Ground out U3 (Groundball, 34S, EV 90.6 MPH)
Batting: RHB Isaiah Green 0-0: Called Strike
0-1: Ball
1-1: Foul Ball, location: 3FF
1-2: Ball
2-2: Foul Ball, location: 2F
2-2: Ball
3-2: Foul Ball, location: 2F
3-2: Fly out, F4 (Line Drive, 4, EV 67.5 MPH)
Bottom of the 8th over - 3 runs, 2 hits, 0 errors, 0 left on base; Philadelphia 2 - Oakland 7
TOP OF THE 9TH
Philadelphia Phillies batting - Pitching for Oakland Athletics : LHP Alex Barboza
Pitching: RHP Cale Wiltsie
Batting: RHB Gilbert Lee 0-0: Ball
1-0: Called Strike
1-1: Fly out, F8 (Line Drive, 8RD, EV 101.9 MPH)
Batting: LHB Monte Baker 0-0: Called Strike
0-1: Ball
1-1: Foul Ball, location: 3F
1-2: SINGLE (Line Drive, 3D, EV 105.6 MPH)
Batting: RHB Ariel Fernández 0-0: Ball
1-0: Called Strike
1-1: Ball
2-1: SINGLE (Line Drive, 4M, EV 108.8 MPH)
Monte Baker to second
Batting: RHB Kyle Negulescu 0-0: Ball
1-0: Ball
2-0: Ball
3-0: Base on Balls
Monte Baker to third
Ariel Fernández to second
Batting: LHB Noah Powell 0-0: Called Strike
0-1: Ball
1-1: Ball
2-1: Swinging Strike
2-2: Grounds into double play, 3-2-3 (Groundball, 13, EV 87.5 MPH)
Top of the 9th over - 0 runs, 2 hits, 0 errors, 2 left on base; Philadelphia 2 - Oakland 7
Sunday, April 28th , 2024 - OOTP Baseball 24.11 Build 85